Map: [ESL] Hard Lead

Players

MaSa - Winner!

  • Race: Terran Terran
  • Spawn Location: 5:00

FoxeR

  • Race: Terran Terran
  • Spawn Location: 11:00

Event: ESL SC2 Masters 2023 Winter (Regional)

VOD

Have the link to the VOD?

Description

Time

  • Played on: Oct. 29, 2023, 12:44 p.m.
  • Length: 9:26

All games in this series

Show
View Real Time Build Order
Export as new Build Order

MaSa Terran - Winner!

Build Orders:  

Get SALT Encoding   

  12  0:00  SCV  
  13  0:12  SCV  
  14  0:17  Supply Depot  
  14  0:24  SCV  
  15  0:38  SCV  
  15  0:40  Barracks  
  16  0:43  Refinery  
  16  0:47  Refinery  
  16  0:51  SCV  
  17  1:03  SCV  
  18  1:16  SCV  
  19  1:26  Reaper  
  19  1:28  Orbital Command  
  19  1:32  Supply Depot  
  20  1:41  Factory  
  20  1:53  SCV  
  21  1:59  Reaper  
  22  2:05  SCV  
  23  2:16  Command Center  
  23  2:18  SCV  
  24  2:26  Hellion  
  26  2:33  Barracks Reactor, SCV  
  27  2:45  Starport  
  27  2:57  SCV  
  28  2:59  Factory Tech Lab  
  28  3:09  SCV  
  27  3:17  Marine x2  
  27  3:18  Cyclone, Supply Depot  
  29  3:21  SCV  
  29  3:25  Supply Depot  
  30  3:28  Orbital Command  
  30  3:33  SCV  
  31  3:36  Marine, Medivac  
  33  3:45  SCV  
  32  3:50  Siege Tank  
  34  3:56  Marine x2  
  34  3:57  SCV  
  34  4:01  SCV  
  38  4:06  Starport Tech Lab  
  39  4:10  SCV  
  39  4:11  Refinery  
  39  4:13  SCV  
  39  4:14  Marine x2  
  42  4:22  SCV  
  42  4:23  Siege Tank  
  46  4:25  SCV  
  47  4:34  Raven, SCV  
  47  4:37  SCV  
  51  4:41  Supply Depot  
  51  4:42  Marine x2  
  53  4:46  SCV  
  53  4:49  SCV  
  51  4:55  Siege Tank  
  51  4:59  SCV  
  53  5:01  Marine x2  
  51  5:10  SCV  
  51  5:12  SCV  
  47  5:22  Raven, SCV  
  47  5:24  Command Center, SCV  
  51  5:34  SCV  
  52  5:36  SCV  
  52  5:37  Siege Tank  
  56  5:46  SCV, Refinery  
  56  5:48  Interference Matrix  
  57  5:50  SCV  
  57  5:55  Barracks  
  58  5:59  SCV  
  58  6:00  Barracks  
  58  6:03  SCV, Supply Depot  
  60  6:07  Raven  
  62  6:25  SCV x2  
  64  6:28  Siege Tank  
  64  6:31  Supply Depot  
  64  6:32  Supply Depot  
  67  6:37  SCV x2  
  67  6:39  Supply Depot  
  69  6:40  Orbital Command  
  69  6:42  Engineering Bay  
  69  6:44  Engineering Bay  
  69  6:46  Barracks Reactor  
  69  6:47  Barracks Reactor  
  69  6:49  SCV x2  
  71  7:01  Siege Tank, SCV x2  
  70  7:02  Stimpack  
  70  7:03  Viking  
  72  7:14  Viking  
  75  7:19  Orbital Command, SCV x2  
  76  7:23  Terran Infantry Weapons Level 1  
  76  7:24  Supply Depot  
  76  7:25  Terran Infantry Armor Level 1  
  76  7:30  Marine x4  
  76  7:31  SCV, Marine  
  82  7:38  Viking  
  82  7:41  SCV  
  82  7:43  SCV  
  86  7:44  Viking  
  86  7:46  Supply Depot  
  86  7:48  SCV, Marine  
  86  7:49  Marine x4  
  94  7:54  Siege Tank  
  94  7:57  SCV  
  94  7:58  SCV  
  99  8:00  SCV  
  99  8:03  Supply Depot  
  99  8:05  Supply Depot  
  100  8:08  Viking  
  102  8:14  Viking  
  100  8:27  SCV  
  100  8:28  SCV x2  
  100  8:32  Marine x4  
  100  8:33  Marine  
  108  8:35  Barracks x2  
  108  8:38  Viking  
  110  8:44  Viking  
  112  8:49  SCV  
  112  8:52  Marine x3  
  113  8:56  SCV  
  113  8:59  Marine x2  
  119  9:06  SCV  
  119  9:08  SCV x2  
  119  9:09  Refinery x2  
Show
View Real Time Build Order
Export as new Build Order

FoxeR Terran 

Build Orders:  

Get SALT Encoding   

  12  0:00  SCV  
  13  0:12  SCV  
  14  0:17  Supply Depot  
  14  0:24  SCV  
  15  0:38  SCV  
  15  0:40  Barracks  
  16  0:43  Refinery  
  16  0:50  SCV  
  16  0:53  Refinery  
  17  1:02  SCV  
  18  1:14  SCV  
  19  1:27  Reaper  
  19  1:28  Orbital Command  
  19  1:29  Supply Depot  
  20  1:42  Factory  
  20  1:54  SCV  
  20  2:00  Barracks Reactor  
  21  2:06  SCV  
  22  2:19  SCV  
  22  2:21  Command Center  
  23  2:33  Hellion, SCV  
  25  2:37  Reaper x2  
  27  2:46  SCV  
  28  2:58  SCV  
  27  3:03  Hellion  
  29  3:10  SCV  
  29  3:11  Reaper  
  31  3:15  Reaper  
  31  3:23  Supply Depot  
  31  3:26  Starport  
  31  3:27  Factory Tech Lab  
  31  3:45  SCV  
  34  3:48  Siege Tank  
  34  3:53  Marine x2  
  36  3:57  Orbital Command, SCV  
  36  4:03  Viking  
  36  4:09  SCV  
  39  4:10  Marine  
  39  4:11  Marine  
  39  4:17  Refinery  
  41  4:21  Siege Tank, SCV  
  45  4:26  SCV  
  45  4:28  Marine  
  45  4:29  Marine  
  48  4:33  SCV  
  48  4:34  Supply Depot  
  48  4:35  Starport Tech Lab  
  49  4:38  SCV  
  50  4:45  SCV  
  50  4:46  Marine  
  50  4:47  Marine  
  53  4:53  SCV  
  53  4:56  Siege Tank  
  53  4:58  SCV  
  50  5:04  Marine  
  50  5:05  SCV  
  45  5:08  Marine  
  44  5:18  SCV  
  40  5:25  SCV  
  39  5:33  SCV  
  40  5:37  SCV  
  40  5:39  Marine  
  42  5:45  Raven  
  42  5:48  SCV  
  42  5:49  SCV  
  46  5:54  Marine  
  45  5:58  Marine  
  45  6:00  SCV  
  45  6:01  SCV  
  45  6:02  Siege Tank  
  51  6:12  Marine, SCV  
  51  6:13  SCV  
  51  6:16  Marine  
  55  6:20  Raven  
  55  6:24  SCV  
  58  6:25  SCV  
  56  6:34  Marine  
  56  6:36  SCV  
  56  6:37  Marine  
  56  6:38  Siege Tank  
  62  6:42  SCV  
  62  6:43  Supply Depot  
  62  6:45  Supply Depot  
  63  6:52  Marine  
  62  6:54  Marine  
  62  7:00  SCV  
  54  7:01  SCV  
  54  7:06  Raven  
  56  7:10  Marine  
  56  7:12  SCV  
  56  7:13  SCV  
  56  7:14  Marine  
  53  7:24  SCV  
  53  7:25  SCV  
  55  7:32  Marine  
  55  7:33  Siege Tank  
  55  7:36  Marine, SCV  
  61  7:37  SCV  
  62  7:48  SCV  
  62  7:49  SCV  
  65  7:55  Barracks  
  65  7:57  Barracks  
  65  7:58  Starport Reactor  
  64  8:00  SCV  
  64  8:02  SCV  
  66  8:07  Engineering Bay  
  66  8:10  Siege Tank  
  69  8:12  SCV  
  69  8:17  SCV  
  69  8:18  Marine  
  71  8:24  SCV  
  72  8:29  SCV  
  73  8:35  Marine  
  73  8:37  SCV  
  75  8:41  SCV  
  75  8:46  Starport Reactor  
  65  8:53  Marine  
  65  8:58  Barracks x2  
  65  9:00  SCV  
  65  9:01  Marine  
  65  9:02  Marine  
  61  9:04  SCV  
  61  9:06  Marine x2  
  54  9:12  SCV  
Tags
 
Add a new tag
Caveats
  • Supply blocks, unpowered buildings, or Contaminate may cause inaccurate times.
  • Supply counts are checked every 10 seconds.